 Dungeon Crawl Stone Soup version 0.24-a0-361-g57161393b2 (webtiles) character file.

Game seed: 8167470652325694883

16459 mhoghedin the Blocker (level 12, -2/118 HPs)
             Began as a Troll Chaos Knight on May 26, 2019.
             Was a Plaything of Xom.
             Slain by a troll zombie (10 damage)
             ... on level 10 of the Dungeon.
             The game lasted 00:20:08 (9161 turns).

mhoghedin the Blocker (Troll Chaos Knight)          Turns: 9161, Time: 00:20:09

Health: -2/118     AC:  8    Str: 31    XL:     12   Next: 10%
Magic:  0/11       EV: 12    Int:  8    God:    Xom [...*..]
Gold:   414        SH: 14    Dex: 10    Spells: 11/11 levels left

rFire    . . .     SeeInvis .     - Unarmed
rCold    . . .     Gourm    +   v - +2 shield "Koczowke" {Str+2 Slay+2 Stlth+}
rNeg     + . .     Faith    .   r - +2 robe of Defiance {rN+ Str+3}
rPois    +         Spirit   +   (helmet restricted)
rElec    .         Reflect  .   f - scarf {Spirit}
rCorr    .         Harm     .   (gloves unavailable)
MR       +....                  (boots unavailable)
Stlth    ++........             (no amulet)
HPRegen  0.69/turn              m - ring of protection from magic {MR+, !d}
MPRegen  0.12/turn              (no ring)

@: berserk cooldown, slowed, very slow
A: large, unfitting armour, claws 3, hooves 2, horns 1, fast metabolism 3,
gourmand, poison resistance, regeneration 1, shaggy fur 1, tough skin 3
a: Renounce Religion


You were on level 10 of the Dungeon.
You worshipped Xom.
You were a favourite toy of Xom.
You were full.

You visited 2 branches of the dungeon, and saw 12 of its levels.

You collected 632 gold pieces.
You spent 218 gold pieces at shops.

Inventory:

Missiles
 c - 3 silver boomerangs
 o - 8 boomerangs
 p - 6 silver javelins (quivered)
Armour
 f - a scarf of spirit shield (worn)
   (You found it on level 1 of the Dungeon)
 r - the +2 robe of Defiance (worn) {rN+ Str+3}
   (You found it on level 7 of the Dungeon)

   It affects your strength (+3).
   It protects you from negative energy.
 v - the +2 shield "Koczowke" (worn) {Str+2 Slay+2 Stlth+}
   (You bought it in a shop on level 8 of the Dungeon)

   It affects your strength (+2).
   It affects your accuracy and damage with ranged weapons and melee attacks
   (+2).
   It makes you more stealthy.
Jewellery
 m - a ring of protection from magic (left claw) {MR+, !d}
   (You found it on level 3 of the Dungeon)
 D - a +3 ring of intelligence
   (You took it off a centaur on level 9 of the Dungeon)
Wands
 a - a wand of paralysis (3)
   (You found it on level 7 of the Dungeon)
 j - a wand of flame (22)
   (You found it on level 5 of the Dungeon)
 l - a wand of random effects (29)
   (You found it on level 7 of the Dungeon)
 E - a wand of iceblast (8)
   (You found it on level 9 of the Dungeon)
Scrolls
 d - 5 scrolls of identify
 e - 2 scrolls of enchant weapon
 g - 4 scrolls of remove curse
 h - 2 scrolls of fog
 k - a scroll of immolation {!r}
 n - 2 scrolls of noise {!r}
 q - a scroll of magic mapping {!r}
 s - 3 scrolls of enchant armour
 w - 2 scrolls of random uselessness
 x - a scroll of amnesia
 y - a scroll of teleportation
 A - a scroll of blinking {!r}
 B - a scroll of brand weapon
 G - a scroll of summoning {unknown}
Potions
 i - a potion of curing
 t - a potion of flight
 u - a potion of brilliance
 z - a potion of magic
 C - a potion of ambrosia {unknown}
 F - 2 potions of lignification {unknown}
Comestibles
 b - 19 rations


   Skills:
 - Level 7.3 Fighting
 + Level 8.6 Throwing
 - Level 7.1 Dodging
 - Level 9.0 Shields
 - Level 8.8 Unarmed Combat


You had 11 spell levels left.
You didn't know any spells.
Your spell library contained the following spells:

 Spells                   Type           Power        Failure   Level  Hunger
 Beastly Appendage        Tmut           #.....       41%         1    ##.....
 Infusion                 Chrm           #...         41%         1    ##.....
 Sandblast                Erth           #.....       41%         1    ##.....
 Summon Butterflies       Summ           #.......     41%         1    ##.....
 Passwall                 Tmut/Erth      #.......     54%         2    ###....
 Poisonous Vapours        Pois/Air       #.....       54%         2    ###....
 Shroud of Golubria       Chrm/Tloc      #.........   54%         2    ###....
 Song of Slaying          Chrm           #.......     54%         2    ###....
 Sticks to Snakes         Tmut           #.......     54%         2    ###....
 Call Canine Familiar     Summ           #.......     78%         3    ####...
 Conjure Flame            Conj/Fire      #.......     78%         3    ####...
 Mephitic Cloud           Conj/Pois/Air  #.......     78%         3    ####...
 Regeneration             Chrm/Necr      #.........   78%         3    ####...
 Spectral Weapon          Hex/Chrm       #.......     78%         3    ####...
 Spider Form              Tmut/Pois      #.........   78%         3    ####...
 Stone Arrow              Conj/Erth      #.....       78%         3    ####...
 Ice Form                 Ice/Tmut       #.......     99%         4    #####..
 Petrify                  Tmut/Erth      #.......     99%         4    #####..
 Summon Ice Beast         Ice/Summ       #.......     99%         4    #####..
 Blade Hands              Tmut           #.........   100%        5    ######.
 Lee's Rapid Deconstruct  Erth           #.........   100%        5    ######.
 Summon Mana Viper        Hex/Summ       #.......     100%        5    ######.
 Freezing Cloud           Conj/Ice/Air   #.........   100%        6    #######
 Ring of Flames           Chrm/Fire      #.........   100%        7    #######
 Summon Hydra             Summ           #.........   100%        7    #######


Dungeon Overview and Level Annotations

Branches:
Dungeon (10/15)            Temple (0/1) D:6            Lair (2/6) D:8
    Orc (0/2) D:10
  Swamp: Lair:2-4    Shoals: Lair:2-4     Snake: Lair:2-4    Spider: Lair:2-4

Altars:
Qazlal
Sif Muna
Xom

Shops:
D:4 (   D:8 [*=?

Annotations:
Lair:1 exclusion: door


Innate Abilities, Weirdness & Mutations

You are too large for most types of armour.
You have claws for hands.
Your metabolism is lightning-fast.
You like to eat raw meat.
Your natural rate of healing is unusually fast.
You are covered in fur. (AC +1)
You have extremely tough skin. (AC +3)
You have hoof-like feet.
You have a pair of small horns on your head.
Your system is resistant to poisons. (rPois)


Message History

The phantom misses you.
You eviscerate the ogre zombie!!!
You destroy the ogre zombie!
A sky beast comes into view.
The wraith barely misses you.
You eviscerate the wraith!!!
You destroy the wraith!
You block the phantom's attack.
You barely miss the wraith. You kick the wraith!!
Your headbutt misses the wraith.
You feel yourself speed up. The phantom barely misses you. The wraith hits you.
The wraith drains your vigour!
You feel yourself slow down.
You closely miss Urug. You kick Urug!
Urug screams, "All you harpies will die!"
Urug hits you with a +2 great mace! You block the phantom's attack.
An orc zombie comes into view.
You block the wraith's attack.
An ogre zombie comes into view.
You take 14 damage, and have 61/175 hp.
You now have 4/11 mp.
You closely miss Urug.
Your headbutt misses Urug. "Hum-dee-hum-dee-hum..."
Urug evaporates and reforms as a fire crab!
You block the phantom's attack.
An orc zombie comes into view.
The wraith hits you.
You take 2 damage, and have 59/175 hp.
You mangle Urug!! You kick Urug! You headbutt Urug.
You kill Urug!
Urug returns to her original shape as she dies.
You block the phantom's attack.
You claw the wraith! Your headbutt misses the wraith.
You are no longer berserk.
You pass out from exhaustion.
You feel as though you will be slow longer.
The wraith hits you!
* * * LOW HITPOINT WARNING * * *
The wraith drains your vigour!
You feel as though you will be slow longer.
The phantom blinks!
The wraith hits you!
* * * LOW HITPOINT WARNING * * *
The wraith drains your vigour!
You feel as though you will be slow longer.
An orc zombie comes into view.
The orc skeleton hits you.
* * * LOW HITPOINT WARNING * * *
The wraith hits you but does no damage.
The sky beast hits you but does no damage.
The orc skeleton hits you but does no damage.
The phantom blinks!
The wraith hits you!
* * * LOW HITPOINT WARNING * * *
The wraith drains your vigour!
You feel as though you will be slow longer.
The sky beast hits you but does no damage.
You can move again.
You now have 9/117 hp.
As you read the scroll of teleportation, it crumbles to dust.
You feel strangely unstable. You block the orc skeleton's attack.
You block the wraith's attack.
The sky beast hits you but does no damage.
The wraith barely misses you.
The orc skeleton hits you but does no damage.
The sky beast barely misses you.
You regained 2 hp, and now have 11/117 hp.
You feel better. You block the wraith's attack. The sky beast hits you.
* * * LOW HITPOINT WARNING * * *
The sky beast shocks you.
* * * LOW HITPOINT WARNING * * *
The orc skeleton hits you but does no damage.
You regained 4 hp, and now have 15/118 hp.
You feel better.
Your surroundings suddenly seem different.
You block the orc zombie's attack.
A troll zombie comes into view.
A crimson imp comes into view.
An adder zombie comes into view.
Found a staircase to the Orcish Mines.
An orc zombie comes into view.
You regained 8 hp, and now have 23/118 hp.
An orc zombie comes into view.
You block the orc zombie's attack.
The crimson imp shouts!
An ogre zombie comes into view.
An orc zombie comes into view.
A goblin zombie comes into view.
The crimson imp blinks!
You block the orc zombie's attack.
You scratch the ogre zombie. You kick the ogre zombie!
You block the adder zombie's attack. You block the orc zombie's attack.
The ogre zombie hits you!
* * * LOW HITPOINT WARNING * * *
An orc zombie comes into view.
You block the troll zombie's attack. The troll zombie claws you.
* * * LOW HITPOINT WARNING * * *
You block the troll zombie's attack.
You take 13 damage, and have 13/118 hp.
You now have 1/11 mp.
The ogre zombie hits you!
* * * LOW HITPOINT WARNING * * *
The troll zombie bites you but does no damage.
The troll zombie closely misses you. The troll zombie claws you!
You die...
Xom bursts into laughter!

#...# ##
#...####### .#
.#.......... .#
.##.......### ##
## #.
##.###...##.# .#
.#.? .#
...###.####.# .#
.#....#.##....##.#
#.# .# #.Z
#........# #. #.#
.# .. ##@Z.# #.
#.# .#
.###.##ZZ#.# ...
.# .......>Z..#
#.# .####
#.##..Z#### #.#
....# #.Z#.##
.#### #Z#Z§ .# #
.Z..#. .####
.##W##..
....####Z#.# ##


You could see a phantom, an adder zombie, a goblin zombie, 5 orc zombies, an
ogre zombie and a troll zombie.

Vanquished Creatures
  Josephine (D:10)
  A centaur warrior (D:9)
  Erica (D:10)
  2 two-headed ogres (D:9)
  A fire crab (D:10)
  A salamander (Lair:1)
  Joseph (Lair:1)
  Psyche (D:9)
  A spiny frog (shapeshifter) (Lair:2)
  3 spiny frogs
  2 trolls (D:10)
  A hornet (D:7)
  A polar bear (Lair:2)
  4 hippogriffs
  Sigmund (D:3)
  A spriggan (D:8)
  12 yaks
  A steam dragon (D:10)
  2 wraiths (D:10)
  2 hungry ghosts
  Grum (D:9)
  9 water moccasins
  4 ice beasts
  4 porcupines
  An orc warrior (D:6)
  3 sky beasts
  2 black bears
  A necrophage (D:5)
  A phantom (D:4)
  4 centaurs
  3 ogres
  2 wolves (D:9)
  2 crocodiles
  8 bullfrogs
  A wyvern zombie (D:6)
  3 scorpions
  A troll zombie (D:10)
  5 wights
  4 crimson imps
  A centaur zombie (D:6)
  3 hounds
  4 jellies
  Crazy Yiuf (D:2)
  A bullfrog skeleton (D:8)
  7 orc priests
  An iron imp (D:6)
  Jessica (D:2)
  An iguana (D:5)
  15 orc wizards
  Natasha (twice) (D:2)
  7 worker ants
  2 ogre zombies (D:10)
  Robin (D:3)
  3 gnolls (D:3)
  11 adders
  2 shadow imps (D:8)
  An ooze (D:1)
  An adder skeleton (D:6)
  A worm (D:5)
  4 dart slugs
  9 leopard geckos
  39 orcs
  4 giant cockroaches
  19 goblins
  9 hobgoblins
  14 jackals
  6 quokkas
  A ball python (D:8)
  A ball python skeleton (D:5)
  8 bats
  5 frilled lizards
  2 goblin skeletons (D:10)
  A hobgoblin skeleton (D:10)
  A jackal skeleton (D:5)
  3 kobolds
  A leopard gecko skeleton (D:8)
  2 quokka skeletons
  6 rats
300 creatures vanquished.

Vanquished Creatures (collateral kills)
  2 yaks (Lair:2)
  A bullfrog (D:7)
  A wight (D:6)
  A ball python (D:4)
  A quokka (D:7)
6 creatures vanquished.

Vanquished Creatures (others)
  2 fungi (Lair:2)
  2 plants
4 creatures vanquished.

Grand Total: 310 creatures vanquished

Notes
Turn   | Place    | Note
-------+----------+-------------------------------------------
     0 | D:1      | mhoghedin the Troll Chaos Knight began the quest for the
                  | Orb.
     0 | D:1      | Reached XP level 1. HP: 22/22 MP: 0/0
    21 | D:1      | Reached skill level 2 in Dodging
    53 | D:1      | XOM: divination: magic mapping
   158 | D:1      | Reached XP level 2. HP: 29/29 MP: 1/1
   235 | D:1      | XOM: harmless Tmut miscast
   249 | D:1      | XOM: silly message
   386 | D:1      | XOM: potion effect (brilliance)
   827 | D:2      | Reached XP level 3. HP: 30/36 MP: 2/2
   844 | D:2      | XOM: noise
   934 | D:2      | Noticed Natasha
   939 | D:2      | XOM: enchant monster (good)
   941 | D:2      | Killed Natasha
   941 | D:2      | Reached skill level 3 in Fighting
   941 | D:2      | Reached XP level 4. HP: 43/45 MP: 3/3
  1017 | D:2      | Noticed Natasha
  1017 | D:2      | XOM: confuse monster(s)
  1024 | D:2      | Killed Natasha
  1024 | D:2      | Reached skill level 4 in Unarmed Combat
  1038 | D:2      | Noticed Jessica
  1045 | D:2      | Killed Jessica
  1045 | D:2      | Reached skill level 3 in Dodging
  1045 | D:2      | Reached XP level 5. HP: 53/53 MP: 4/4
  1301 | D:2      | Found a runed translucent door.
  1302 | D:2      | Noticed Crazy Yiuf
  1313 | D:2      | Killed Crazy Yiuf
  1355 | D:3      | XOM: harmless Tmut miscast
  1369 | D:3      | Reached XP level 6. HP: 37/62 MP: 5/5
  1572 | D:3      | Noticed Sigmund
  1582 | D:3      | XOM: summons 6 friendly demons
  1601 | D:3      | Killed Sigmund
  1601 | D:3      | Reached skill level 4 in Fighting
  1601 | D:3      | Reached skill level 5 in Unarmed Combat
  1800 | D:3      | Reached skill level 4 in Dodging
  1800 | D:3      | Reached XP level 7. HP: 57/70 MP: 6/6
  1917 | D:3      | Noticed Robin
  1942 | D:3      | XOM: harmless Hex miscast
  2395 | D:3      | Killed Robin
  2612 | D:4      | XOM: noise
  2619 | D:4      | Found Redgh's Antique Weapon Emporium.
  2622 | D:4      | XOM: confuse monster(s)
  2733 | D:4      | Noticed a water elemental
  2740 | D:4      | Noticed a fire elemental
  2742 | D:4      | Found a stormy altar of Qazlal.
  2743 | D:4      | Noticed an air elemental
  2802 | D:4      | XOM: summons friendly shadow imp
  2967 | D:5      | Entered Level 5 of the Dungeon
  3009 | D:5      | Reached skill level 6 in Unarmed Combat
  3070 | D:5      | Reached skill level 5 in Fighting
  3165 | D:5      | XOM: smoke on damage
  3166 | D:5      | Reached XP level 8. HP: 76/79 MP: 7/7
  3447 | D:5      | Reached skill level 5 in Dodging
  3447 | D:5      | XOM: harmless Summ miscast
  3712 | D:6      | Noticed Grinder
  3712 | D:6      | Paralysed by Grinder for 2 turns
  3725 | D:6      | Gained mutation: You have large cloven feet. [potion of
                  | mutation]
  3725 | D:6      | Gained mutation: You have a pair of small horns on your
                  | head. [potion of mutation]
  3725 | D:6      | Gained mutation: Your system is resistant to poisons.
                  | (rPois) [potion of mutation]
  3726 | D:6      | Noticed Grinder
  3726 | D:6      | Grinder changed into Grinder the iron imp
  3726 | D:6      | XOM: polymorph Grinder -> Grinder the iron imp
  3730 | D:6      | Killed Grinder the iron imp
  3746 | D:6      | XOM: cast spell 'Leda's Liquefaction'
  3867 | D:6      | XOM: confuse monster(s)
  3869 | D:6      | Reached skill level 7 in Unarmed Combat
  3928 | D:6      | XOM: summons friendly quasit
  3935 | D:6      | Reached skill level 6 in Fighting
  3945 | D:6      | XOM: summons friendly ufetubus
  4058 | D:6      | Found a staircase to the Ecumenical Temple.
  4069 | D:6      | Reached skill level 6 in Dodging
  4069 | D:6      | Reached XP level 9. HP: 61/88 MP: 5/8
  4376 | D:6      | XOM: 3-stop teleportation journey
  4488 | D:6      | Found a deep blue altar of Sif Muna.
  4545 | D:6      | XOM: give mutation
  4545 | D:6      | Gained mutation: You are resistant to hostile enchantments.
                  | (MR+) [Xom's grace]
  4611 | D:7      | Reached skill level 8 in Unarmed Combat
  4668 | D:7      | XOM: enchant monster (good)
  4738 | D:7      | Got a slimy robe
  4771 | D:7      | Identified the +2 robe of Defiance {rN+ Str+3} (You found
                  | it on level 7 of the Dungeon)
  4787 | D:7      | Reached skill level 7 in Fighting
  4805 | D:7      | XOM: give mutations
  4805 | D:7      | Gained mutation: You passively map a small area around you.
                  | [Xom's grace]
  4805 | D:7      | Gained mutation: You have hoof-like feet. [Xom's grace]
  5065 | D:7      | XOM: 1-stop teleportation journey
  5073 | D:7      | XOM: divination: detect items
  5155 | D:7      | XOM: god gift: book of Clouds
  5355 | D:8      | Found a staircase to the Lair.
  5361 | D:8      | Reached skill level 7 in Dodging
  5414 | D:8      | Found Nutos's Antique Armour Shoppe.
  5417 | D:8      | Bought an encrusted shield for 218 gold pieces
  5422 | D:8      | Identified the +2 shield "Koczowke" {Str+2 Slay+2 Stlth+}
                  | (You bought it in a shop on level 8 of the Dungeon)
  5516 | D:8      | XOM: enchant monster (good)
  5521 | D:8      | Reached skill level 1 in Shields
  5524 | D:8      | Reached skill level 2 in Shields
  5524 | D:8      | Reached XP level 10. HP: 95/101 MP: 9/9
  5594 | D:8      | Found Nonoh's Jewellery Shop.
  5679 | D:8      | Found Vuovil's Magic Scroll Boutique.
  5743 | D:8      | Reached skill level 3 in Shields
  5783 | D:8      | Found Negh's Serpentskin Sales.
  5785 | D:8      | XOM: enchant monster (good)
  5788 | D:8      | XOM: mild Summ miscast
  5818 | D:8      | XOM: medium Summ miscast
  5988 | D:8      | Reached skill level 4 in Shields
  6102 | Lair:1   | Entered Level 1 of the Lair of Beasts
  6195 | Lair:1   | Noticed a spiny frog
  6202 | Lair:1   | Noticed a spiny frog
  6205 | Lair:1   | XOM: harmless Erth miscast
  6230 | Lair:1   | Noticed a salamander
  6230 | Lair:1   | a spiny frog changed into a salamander
  6230 | Lair:1   | XOM: polymorph spiny frog -> salamander
  6234 | Lair:1   | XOM: scenery: create altars
  6240 | Lair:1   | XOM: confuse monster(s)
  6249 | Lair:1   | Killed a spiny frog
  6249 | Lair:1   | Reached skill level 5 in Shields
  6254 | Lair:1   | XOM: cast spell 'Alistair's Intoxication'
  6262 | Lair:1   | XOM: noise
  6264 | Lair:1   | Killed a salamander
  6364 | Lair:1   | Noticed a spiny frog
  6367 | Lair:1   | XOM: noise
  6368 | Lair:1   | Killed a spiny frog
  6368 | Lair:1   | Reached skill level 6 in Shields
  6391 | Lair:1   | XOM: give mutations
  6391 | Lair:1   | Lost mutation: You are resistant to hostile enchantments.
                  | (MR+) [Xom's mischief]
  6391 | Lair:1   | Lost mutation: You passively map a small area around you.
                  | [Xom's mischief]
  6391 | Lair:1   | Gained mutation: You are weak. (Str -2) [Xom's mischief]
  6391 | Lair:1   | Lost mutation: You are weak. (Str -2) [Xom's mischief]
  6415 | Lair:1   | Noticed a four-headed hydra
  6416 | Lair:1   | XOM: confusion (+ monsters)
  6419 | Lair:1   | XOM: cast spell 'Summon Butterflies'
  6423 | Lair:1   | XOM: harmless Summ miscast
  6589 | Lair:1   | XOM: divination: magic mapping
  6598 | Lair:1   | XOM: summons friendly white imp
  6599 | Lair:1   | Reached skill level 1 in Throwing
  6699 | Lair:1   | Reached skill level 2 in Throwing
  6927 | Lair:1   | Noticed Joseph
  6938 | Lair:1   | Killed Joseph
  6938 | Lair:1   | Reached skill level 3 in Throwing
  6938 | Lair:1   | Reached skill level 7 in Shields
  6986 | Lair:1   | XOM: enchant monster (good)
  7327 | Lair:2   | XOM: 7-stop teleportation journey
  7327 | Lair:2   | Noticed a spiny frog
  7331 | Lair:2   | Killed a spiny frog
  7331 | Lair:2   | Reached XP level 11. HP: 96/108 MP: 7/10
  7356 | Lair:2   | XOM: confusion (+ monsters)
  7364 | Lair:2   | XOM: summons 11 friendly demons
  7443 | Lair:2   | Reached skill level 4 in Throwing
  7676 | Lair:2   | XOM: polymorph yak -> shapeshifter
  7683 | Lair:2   | XOM: confusion (+ monsters)
  7812 | Lair:2   | XOM: noise
  7891 | Lair:2   | Noticed an eight-headed hydra
  7895 | Lair:2   | Noticed an eight-headed hydra
  7898 | Lair:2   | XOM: cast spell 'Summon Hydra'
  8007 | D:9      | Noticed a centaur warrior
  8012 | D:9      | Killed a centaur warrior
  8012 | D:9      | Reached skill level 5 in Throwing
  8012 | D:9      | Reached skill level 8 in Shields
  8047 | D:9      | Noticed Psyche
  8060 | D:9      | Killed Psyche
  8060 | D:9      | XOM: noise
  8199 | D:9      | Noticed a two-headed ogre
  8212 | D:9      | Killed a two-headed ogre
  8212 | D:9      | Reached skill level 6 in Throwing
  8230 | D:9      | Noticed Grum
  8334 | D:9      | XOM: potion effect (berserk rage)
  8348 | D:9      | Killed Grum
  8361 | D:9      | XOM: god gift: scroll of noise
  8543 | D:9      | Noticed a two-headed ogre
  8549 | D:9      | Killed a two-headed ogre
  8714 | D:10     | Entered Level 10 of the Dungeon
  8751 | D:10     | Noticed Erica
  8752 | D:10     | Reached skill level 9 in Shields
  8755 | D:10     | XOM: cast spell 'Dispersal'
  8760 | D:10     | Killed Erica
  8760 | D:10     | Reached skill level 7 in Throwing
  8891 | D:10     | Noticed Urug
  8898 | D:10     | XOM: cast spell 'Dispersal'
  8930 | D:10     | XOM: medium Hex miscast
  9119 | D:10     | Noticed Josephine
  9121 | D:10     | XOM: confusion (+ monsters)
  9139 | D:10     | XOM: enchant monster (bad)
  9140 | D:10     | Killed Josephine
  9140 | D:10     | Reached skill level 8 in Throwing
  9140 | D:10     | Reached XP level 12. HP: 80/117 MP: 5/11
  9148 | D:10     | Noticed Urug
  9148 | D:10     | Urug changed into Urug the fire crab
  9148 | D:10     | XOM: polymorph Urug -> Urug the fire crab
  9149 | D:10     | Killed Urug the fire crab
  9151 | D:10     | HP: 23/117 [wraith[Josephine] (9)]
  9153 | D:10     | HP: 9/117 [wraith[Josephine] (13)]
  9156 | D:10     | Found a staircase to the Orcish Mines.
  9160 | D:10     | HP: 18/118 [ogre zombie (9)]
  9161 | D:10     | HP: 8/118 [ogre zombie (6)]
  9161 | D:10     | Slain by a troll zombie

Levels and vault maps discovered:
D:1:      minmay_arrival_doors, layout_basic
D:2:      layout_rooms, uniq_jessica, uniq_natasha, uniq_crazy_yiuf_cottage
D:3:      layout_basic, first_ration, kennysheep_cluttered_room, uniq_robin,
          uniq_sigmund
D:4:      layout_rooms, nicolae_qazlal_style_of_elements, serial_shops,
          nicolae_shop_overgrown_old_shop, minmay_quantized
D:5:      layout_basic
D:6:      kennysheep_orc_sif_temple, layout_basic, minmay_temple_entry_junction,
          uniq_grinder
D:7:      layout_basic
D:8:      layout_basic, lair_entry_dummy, serial_shops, nicolae_shop_stone,
          kennysheep_mini, shop_statue, the_bakery, guppyfry_shop_venom
D:9:      layout_big_octagon, uniq_psyche, uniq_grum
D:10:     layout_loops_ring, zombieorc1_lemuel, uniq_urug, uniq_erica,
          uniq_josephine
Lair:1:   cheibrodos_lair_river_kwai, layout_cave_pods, uniq_joseph
Lair:2:   layout_cave_pods

Skill      XL: |  1  2  3  4  5  6  7  8  9 10 11 |
---------------+----------------------------------+-----
Dodging        | 2 3 4 6 7 |  7.1
Fighting       | 3 4 5 6 7 |  7.3
Unarmed Combat | 4 5 6 7 8 |  8.8
Shields        | 2 7 9 |  9.0
Throwing       | 3 8 |  8.6

Action                   |  1- 3 |  4- 6 |  7- 9 | 10-12 || total
-------------------------+-------+-------+-------+-------++-------
Melee: Unarmed           |    89 |   122 |   388 |   284 ||   883
       Punch             |       |     1 |     9 |       ||    10
       Kick              |       |       |    42 |    79 ||   121
       Headbutt          |       |       |    26 |    62 ||    88
Throw: Javelin           |       |       |     2 |     6 ||     8
       Boomerang         |       |       |       |    11 ||    11
Evoke: Wand              |       |       |       |     3 ||     3
  Use: Potion            |       |     3 |     2 |     3 ||     8
       Scroll            |       |       |     3 |    13 ||    16
 Stab: Sleeping          |     1 |       |       |     3 ||     4
       Confused          |       |       |     1 |       ||     1
       Distracted        |       |       |       |     1 ||     1
  Eat: Chunk             |    13 |     9 |    27 |    39 ||    88
       Ration            |       |       |       |     1 ||     1
Armor: Robe              |    55 |    46 |   150 |    51 ||   302
Dodge: Dodged            |    70 |    74 |   187 |   100 ||   431
Block: Shield            |       |       |     4 |   160 ||   164

Table legend:
 A = Non-vault XP
 B = Vault XP
 C = Vault XP percentage of total XP
 D = Non-vault monster count
 E = Vault monster count
 F = Vault count percentage of total count
                 A         B        C        D         E       F
            +---------+---------+-------+---------+---------+-------
      Total |   16392 |    7122 |  30.3 |     257 |      49 |  16.0
            +---------+---------+-------+---------+---------+-------
        D:1 |      40 |       0 |   0.0 |      19 |       0 |   0.0
        D:2 |     104 |     117 |  52.9 |      20 |       5 |  20.0
        D:3 |     307 |     217 |  41.4 |      33 |      11 |  25.0
        D:4 |     487 |       1 |   0.2 |      20 |       1 |   4.8
        D:5 |     444 |       0 |   0.0 |      28 |       0 |   0.0
        D:6 |    1350 |     326 |  19.5 |      27 |       6 |  18.2
        D:7 |    1267 |       0 |   0.0 |      22 |       0 |   0.0
        D:8 |    1575 |     509 |  24.4 |      24 |       4 |  14.3
        D:9 |    3792 |     866 |  18.6 |      20 |       4 |  16.7
       D:10 |    1311 |    3416 |  72.3 |      14 |      12 |  46.2
     Lair:1 |    2269 |    1670 |  42.4 |      13 |       6 |  31.6
     Lair:2 |    3446 |       0 |   0.0 |      17 |       0 |   0.0
            +---------+---------+-------+---------+---------+-------

Levels and vault maps discovered:
D:1:      minmay_arrival_doors, layout_basic
D:2:      layout_rooms, uniq_jessica, uniq_natasha, uniq_crazy_yiuf_cottage
D:3:      layout_basic, first_ration, kennysheep_cluttered_room, uniq_robin,
          uniq_sigmund
D:4:      layout_rooms, nicolae_qazlal_style_of_elements, serial_shops,
          nicolae_shop_overgrown_old_shop, minmay_quantized
D:5:      layout_basic
D:6:      kennysheep_orc_sif_temple, layout_basic, minmay_temple_entry_junction,
          uniq_grinder
D:7:      layout_basic
D:8:      layout_basic, lair_entry_dummy, serial_shops, nicolae_shop_stone,
          kennysheep_mini, shop_statue, the_bakery, guppyfry_shop_venom
D:9:      layout_big_octagon, uniq_psyche, uniq_grum
D:10:     layout_loops_ring, zombieorc1_lemuel, uniq_urug, uniq_erica,
          uniq_josephine
Lair:1:   cheibrodos_lair_river_kwai, layout_cave_pods, uniq_joseph
Lair:2:   layout_cave_pods

Table legend:
 A = Turns spent in this place as a percentage of turns spent in the entire game.
 B = Non-inter-level travel turns spent in this place as a percentage of non-inter-level travel turns spent in the entire game.
 C = Inter-level travel turns spent in this place as a percentage of turns spent in this place.
 D = Turns resting spent in this place as a percentage of non-inter-level travel turns spent in this place.
 E = Turns spent auto-exploring this place as a percentage of non-inter-level travel turns spent in this place.
 F = Non-inter-level travel turns spent in this place divided by the number of levels of this place that you've seen.
                   A       B       C       D       E      F
               +-------+-------+-------+-------+-------+----------------------
         Total | 100.0 | 100.0 |   4.9 |   8.5 |  66.1 | 726.2
       Dungeon |  79.3 |  79.5 |   4.6 |   5.4 |  69.1 | 693.0
          Lair |  20.7 |  20.5 |   5.8 |  20.5 |  54.5 | 892.0
               +-------+-------+-------+-------+-------+----------------------

Table legend:
 A = Kills in this place as a percentage of kills in entire the game.
 B = Kills by you in this place as a percentage of kills by you in the entire game.
 C = Kills by friends in this place as a percentage of kills by friends in the entire game.
 D = Other kills in this place as a percentage of other kills in the entire game.
 E = Experience gained in this place as a percentage of experience gained in the entire game.
 F = Experience gained in this place divided by the number of levels of this place that you have seen.
                   A       B       C       D       E      F
               +-------+-------+-------+-------+-------+----------------------
         Total | 100.0 | 100.0 | 100.0 |   N/A | 100.0 | 1959.5
       Dungeon |  88.2 |  88.7 |  66.7 |   N/A |  68.6 | 1612.9
          Lair |  11.8 |  11.3 |  33.3 |   N/A |  31.4 | 3692.5
               +-------+-------+-------+-------+-------+----------------------
